Cogmind - Beta 16 @@@ ROGUE MODE // 2025.12.21 @ 15:27:31 Player: JuustuToug Result: Destroyed by S-27 Virus with Autogun Performance ------------- Evolutions (6) 3000 Regions Visited (30) 6000 Robots Destroyed (363) 1815 Value Destroyed (16437) 16437 Prototype IDs (241) 4820 Alien Tech Used (0) 0 Bonus (13560) 13560 TOTAL SCORE: 45632 Bonus ------- High Alert Combat Kills 879 Follower Combat Kills 2321 Entered Garrisons 1800 Used RIF Installer 4500 Aligned with FarCom 300 Met Data Miner 300 Used Data Conduit 3000 Pursued by Intercept 500 Friendly Fire -40 Cogmind --------- Core Integrity 0/1150 Matter 300/300 Energy 100/100 System Corruption 45% Temperature Cool (0) Movement Core (50) Location -4/Garrison Parts ------- > --- POWER (2) -------- (None) > --- PROPULSION (5) --- (None) > --- UTILITY (9) ------ (None) > --- WEAPON (3) ------- Longsword +1 > --- INVENTORY (5) ---- Light Antimatter Reactor Light Antimatter Reactor Relay Coupler [Hunter] (13) Relay Coupler [Heavy] (19) Coil Gun Peak State ------------ > --- POWER ------------ Heavy Antimatter Reactor Mini Fusion Reactor > --- PROPULSION ------- Improved Treads Heavy Treads Improved Heavy Treads > --- UTILITY ---------- Advanced Heat Sink Advanced Heat Sink Advanced Heat Sink High-capacity Storage Unit Long-range Terrain Scanner Improved Armor Integrity Analyzer Graphene Brace Experimental System Shield Relay Coupler [Grunt] > --- WEAPON ----------- Field Laser Plasma Rifle Dispersion Rifle > --- INVENTORY -------- Light Antimatter Reactor Heavy Treads Flexi-carbon Leg Myomer Leg Relay Coupler [Hunter] Relay Coupler [Heavy] HERF Cannon Improved Remote Datajack Longsword +1 [Rating: 113] Favorites ----------- Power Cooled Ion Engine Engine Cooled Ion Engine Power Core Light Fission Core Reactor Antimatter Reactor Propulsion Light Treads Treads Light Treads Leg Enhanced Flexi-carbon Leg Utility High-capacity Storage Unit Device Advanced Heat Sink Storage High-capacity Storage Unit Processor Core Analyzer Hackware Hacking Suite Protection Improved Medium Armor Plating Weapon Improved Assault Rifle Energy Gun Beamcaster Energy Cannon Heavy Plasma Cannon Ballistic Gun Improved Assault Rifle Ballistic Cannon Flak Cannon Launcher Heavy Rocket Launcher Special Weapon Remote Datajack Impact Weapon Hammer Slashing Weapon Longsword +1 Special Melee Weapon Datajack Build | -11 -10 -10 -9 -9 -9 -8 -8 -8 -8 -8 -8 -7 -7 -7 -7 -6 -6 -6 -6 -6 -6 -5 -5 -5 -5 -5 -4 -4 -4 -4 ------- Run | Yrd Mat Min Mat Min Exi Min Mat Gar Mat Sto Gar Fac Gar Fac Gar Fac Gar Fac Low Low Dat Pro Fac Gar Fac Gar Fac Gar Fac Gar Slots Evolved 12 | . . . 2 . . . 2 . . . . 2 . . . 2 . . . . . . 2 . . . 2 . . . Power 1 | . . . . . . . . . . . . . . . . . . . . . . . 1 . . . . . . . Propulsion 3 | . . . 1 . . . 1 . . . . . . . . . . . . . . . 1 . . . . . . . Utility 7 | . . . 1 . . . . . . . . 2 . . . 2 . . . . . . . . . . 2 . . . Weapon 1 | . . . . . . . 1 . . . . . . . . . . . . . . . . . . . . . . . Parts Attached 259 | 7 9 5 18 1 1 2 9 9 13 21 12 6 11 6 11 5 8 11 3 1 11 15 . 11 . 10 3 9 31 . Power 30 | 1 1 . 3 . . . . 1 2 . 1 . 1 2 1 . 2 2 . 1 1 2 . 2 . 2 . 2 3 . Engine 17 | 1 1 . 3 . . . . 1 2 . . . 1 1 1 . 1 2 . 1 . 1 . 1 . . . . . . Core 7 | . . . . . . . . . . . 1 . . 1 . . 1 . . . . . . 1 . 2 . . 1 . Reactor 6 | . . . . . . . . . . . . . . . . . . . . . 1 1 . . . . . 2 2 . Propulsion 71 | 2 1 1 7 . . 1 4 4 7 11 3 2 5 . 3 . . 1 1 . 4 2 . 3 . . . 1 8 . Treads 64 | 2 1 1 7 . . 1 4 4 7 11 3 2 5 . 3 . . 1 1 . . 2 . 3 . . . 1 5 . Leg 7 | . . . . . . . . . . . . . . . . . . . . . 4 . . . . . . . 3 . Wheel . | . . . . . . . . . . . . . . . . . . . . . . . . . . . . . . . Hover . | . . . . . . . . . . . . . . . . . . . . . . . . . . . . . . . Flight . | . . . . . . . . . . . . . . . . . . . . . . . . . . . . . . . Utility 85 | 2 3 2 4 . 1 . 2 3 2 2 1 3 4 3 2 4 3 5 2 . 2 7 . 4 . 7 3 3 11 . Device 50 | 1 . 2 3 . . . 1 2 . 1 1 1 3 1 1 2 3 3 2 . 2 7 . 1 . 3 2 1 7 . Storage 6 | 1 2 . . . 1 . . . 1 . . . . . . . . 1 . . . . . . . . . . . . Processor 8 | . 1 . 1 . . . . 1 1 . . . 1 . . 1 . . . . . . . . . . . . 2 . Hackware 16 | . . . . . . . 1 . . 1 . 2 . 1 . 1 . 1 . . . . . 2 . 4 . 2 1 . Protection 5 | . . . . . . . . . . . . . . 1 1 . . . . . . . . 1 . . 1 . 1 . Artifact . | . . . . . . . . . . . . . . . . . . . . . . . . . . . . . . . Weapon 73 | 2 4 2 4 1 . 1 3 1 2 8 7 1 1 1 5 1 3 3 . . 4 4 . 2 . 1 . 3 9 . Energy Gun 14 | 1 1 . 1 . . . . . . 1 . . . . 1 . . . . . . 1 . 2 . . . 2 4 . Energy Cannon 21 | . 1 . . . . . . . 1 2 2 . . 1 . 1 3 2 . . 4 3 . . . . . . 1 . Ballistic Gun 24 | 1 1 . 2 . . . 1 1 1 4 5 . 1 . 3 . . . . . . . . . . . . . 4 . Ballistic Cannon 2 | . 1 1 . . . . . . . . . . . . . . . . . . . . . . . . . . . . Launcher 4 | . . . . 1 . 1 1 . . . . . . . 1 . . . . . . . . . . . . . . . Special Weapon 4 | . . . . . . . . . . . . 1 . . . . . 1 . . . . . . . 1 . 1 . . Impact Weapon 1 | . . 1 . . . . . . . . . . . . . . . . . . . . . . . . . . . . Slashing Weapon 1 | . . . . . . . 1 . . . . . . . . . . . . . . . . . . . . . . . Piercing Weapon . | . . . . . . . . . . . . . . . . . . . . . . . . . . . . . . . Special Melee Weapon 2 | . . . 1 . . . . . . 1 . . . . . . . . . . . . . . . . . . . . Unidentified Prototypes 12 | . . 2 3 . . . 1 . . 3 . . 1 1 . . . . . . . . . . . 1 . . . . Corrupted Parts 5 | . . . . . . . . . . . . . . . . . . . . . . 2 . . . 1 . . 2 . System Corruption 19 | . . . . . . . . . . . . . . . . . . . . . . 4 . . . 8 . . 7 . Parts Lost 91 | . 2 . 2 . . . . . 2 1 . 1 . 5 4 2 2 1 2 1 5 15 . . . 2 . 1 42 1 Power 10 | . . . . . . . . . 1 . . . . 1 . . . . . 1 . 3 . . . 1 . . 3 . Propulsion 16 | . 1 . . . . . . . . . . . . . 1 . . . 1 . 1 2 . . . . . . 10 . Utility 37 | . . . 1 . . . . . . 1 . . . 3 1 2 2 . 1 . 2 6 . . . 1 . . 16 1 Weapon 28 | . 1 . 1 . . . . . 1 . . 1 . 1 2 . . 1 . . 2 4 . . . . . 1 13 . Highest Loss Streak 12 | . 1 . 2 . . . . . 1 1 . 1 . 5 1 2 1 1 2 1 3 10 . . . 1 . 1 12 1 To Critical Strikes 1 | . . . . . . . . . . . . . . . . . . . . . . . . . . . . . 1 . Average Backups 17 | 1 8 16 19 20 20 20 19 19 19 19 20 19 18 16 16 17 17 17 16 16 16 16 18 18 18 17 17 17 11 5 Power 1 | . 1 1 1 2 2 1 1 1 . 1 1 1 1 . 1 1 1 1 1 . . 1 1 1 1 1 1 1 1 2 Propulsion 2 | . . . 2 3 3 3 3 5 5 4 4 4 2 2 1 2 2 2 1 1 . . . 1 2 2 2 2 2 . Utility 5 | . 1 4 4 5 5 5 5 5 5 5 6 5 7 6 7 5 5 5 6 7 7 7 10 9 9 7 7 7 2 2 Weapon 6 | . 5 9 9 9 9 9 8 7 7 7 8 7 6 5 5 8 8 8 7 7 6 6 6 5 5 5 6 6 3 1 Tool/Special . | . . . . . . . . . . . . . . . . . . . . . . . . . . . . . . . Unused Backups 74 | . 1 4 14 . . 1 2 1 1 3 3 1 6 . 3 2 4 2 . . . 1 1 10 . 2 2 1 4 5 Power 12 | . . . 3 . . 1 . . 1 . . . . . 1 . . . . . . . . 2 . . . . 2 2 Propulsion 10 | . . . 2 . . . 1 . . . . . 4 . 1 . 1 . . . . . . . . . . . 1 . Utility 26 | . . 1 2 . . . . 1 . 1 2 1 1 . . . 2 2 . . . . 1 6 . 2 1 1 . 2 Weapon 24 | . 1 3 6 . . . 1 . . 2 1 . 1 . . 2 1 . . . . 1 . 2 . . 1 . 1 1 Tool/Special 2 | . . . 1 . . . . . . . . . . . 1 . . . . . . . . . . . . . . . Average Slot Usage (%) 92 | . 99 97 99 100 100 100 99 100 99 99 100 99 86 82 83 85 85 86 83 86 87 93 88 89 88 86 83 84 79 8 Engine 6 | . 13 14 10 11 11 11 9 9 8 9 3 . 4 6 7 6 3 6 6 6 3 3 5 5 5 4 . . . . Core 1 | . . . . . . . . . . . 5 7 2 . . . 2 . . . . . . 4 5 5 10 6 1 . Treads 23 | . 27 28 33 33 33 33 35 36 36 35 36 30 17 15 15 13 13 13 13 13 9 3 11 15 17 17 15 13 10 . Leg 1 | . . . . . . . . . . . . . . . . . . . . . 5 20 11 3 . . . . 3 . Device 13 | . 12 11 20 22 22 22 9 9 . 2 5 14 15 8 6 11 13 20 20 26 25 26 29 18 11 13 10 11 22 . Storage 8 | . 14 14 11 11 11 11 9 9 9 9 9 7 7 7 7 6 6 6 6 6 6 6 5 5 5 5 5 5 4 . Processor 3 | . 1 . 1 . . . . . 9 9 3 . . . . 5 6 6 6 6 6 6 5 5 5 5 5 5 4 3 Hackware 7 | . . . . . . . 8 9 9 6 9 14 15 14 15 14 13 13 8 6 6 2 . 4 11 10 15 15 9 . Protection 1 | . . . . . . . . . . . . . . 5 7 6 5 . . . . . . 4 5 2 4 3 . . Energy Gun 3 | . 4 . 1 . . . 8 9 1 . . . . . 2 . . . . . . 2 5 9 11 15 10 10 9 . Energy Cannon 7 | . 9 14 1 . . . . . 7 10 9 11 10 13 9 6 16 18 19 18 19 15 11 6 5 . . 4 1 . Ballistic Gun 7 | . 3 . 7 11 11 11 12 17 17 15 17 5 11 7 9 12 2 . . . . . . . . . . . 3 . Ballistic Cannon 2 | . 10 13 10 10 11 10 4 . . . . . . . . . . . . . . . . . . . . . . . Peak Build Rating 113 | 7 8 20 25 30 24 24 36 34 34 35 34 49 71 69 66 76 81 84 86 86 96 90 82 95 92 92 104 110 113 18 Average Rating 50 | 5 7 11 20 28 23 23 31 33 29 29 31 43 64 63 62 70 77 82 82 85 86 80 81 90 92 89 102 103 102 16 On Entrance 54 | . 7 8 15 23 30 24 24 33 30 30 30 33 49 64 68 62 71 80 83 86 86 90 81 81 92 92 90 103 110 18 Avg Prop Armor Cover (%) 6 | . . . . . . . . . . . . . . . . . . . . . . 14 14 10 . 5 3 3 7 . Naked Turns . | . . . . . . . . . . . . . . . . . . . . . . . . . . . . . . . Heaviest Build 103 | 13 52 53 60 60 60 60 65 61 61 64 69 71 73 68 73 75 89 83 83 83 94 94 80 91 83 83 90 103 99 3 Greatest Support 173 | 40 40 42 68 66 66 66 86 83 83 80 80 80 162 150 150 150 150 150 150 150 150 112 56 173 173 173 150 150 168 3 Greatest Overweight (x) 2 | . 1 1 . . . . . . . . . . . . . . . . . . 1 2 1 1 . . . . 1 . Average Overweight (x) . | . . 1 . . . . . . . . . . . . . . . . . . . . 1 . . . . . . . Largest Inventory Capacity 20 | 8 20 20 20 20 20 20 20 20 20 20 20 20 20 20 20 20 20 20 20 20 20 20 20 20 20 20 20 20 20 5 Average Capacity 19 | 7 17 20 20 20 20 20 20 20 20 20 20 20 20 20 20 20 20 20 20 20 20 20 20 20 20 20 20 20 19 5 Most Carried 20 | 3 14 20 20 20 20 20 20 20 20 20 20 20 20 20 20 20 20 20 19 18 20 19 19 20 20 20 20 20 20 5 Average Carried 18 | 1 8 16 19 20 20 19 19 19 19 19 20 19 19 18 18 19 19 19 17 17 16 16 18 19 20 19 19 19 12 5 Final Capacity 20 | 8 20 20 20 20 20 20 20 20 20 20 20 20 20 20 20 20 20 20 20 20 20 20 20 20 20 20 20 20 5 5 Final Carried 20 | 2 13 19 20 20 20 20 20 19 20 20 20 20 20 19 20 20 19 19 18 17 17 18 18 20 20 20 20 20 5 5 Class Distribution -------------------- 27% | Scavenger-Skirmisher 23% | Mutant 21% | Scavenger-Tank 5% | Hacker-Tank 5% | Bothacker-Tank 5% | Scavenger-Gunner Dominant Class ---------------- Mutant | -10/Materials Mutant | -10/Mines Mutant | -9/Materials Mutant | -9/Mines Mutant | -9/Exiles Mutant | -8/Mines Scavenger-Skirmisher | -8/Materials Scavenger-Skirmisher | -8/Garrison Scavenger-Skirmisher | -8/Materials Scavenger-Skirmisher | -8/Storage Scavenger-Skirmisher | -8/Garrison Scavenger-Skirmisher | -7/Factory Hacker-Tank | -7/Garrison Hacker-Tank | -7/Factory Scavenger-Tank | -7/Garrison Scavenger-Tank | -6/Factory Scavenger-Tank | -6/Garrison Scavenger-Tank | -6/Factory Scavenger-Tank | -6/Lower Caves Scavenger-Tank | -6/Lower Caves Scavenger-Tank | -6/Data Miner Scavenger-Gunner | -5/Proximity Caves Scavenger-Skirmisher | -5/Factory Scavenger-Tank | -5/Garrison Bothacker-Tank | -5/Factory Botlord-Tank | -5/Garrison Bothacker-Mutant | -4/Factory Bothacker-Tank | -4/Garrison Scavenger-Skirmisher | -4/Factory Mutant | -4/Garrison Resources | -11 -10 -10 -9 -9 -9 -8 -8 -8 -8 -8 -8 -7 -7 -7 -7 -6 -6 -6 -6 -6 -6 -5 -5 -5 -5 -5 -4 -4 -4 -4 ----------- Run | Yrd Mat Min Mat Min Exi Min Mat Gar Mat Sto Gar Fac Gar Fac Gar Fac Gar Fac Low Low Dat Pro Fac Gar Fac Gar Fac Gar Fac Gar Matter Collected 8726 | 282 298 102 805 73 . 118 332 467 613 488 669 46 741 105 757 172 324 185 163 118 180 413 . 290 . 201 . 255 508 21 Remotely . | . . . . . . . . . . . . . . . . . . . . . . . . . . . . . . . Salvage Created 16384 | 31 470 89 1313 24 . 98 476 683 1248 915 921 127 1790 82 1390 268 968 561 325 64 381 648 . 1043 . 264 . 790 1392 23 Parts 757 | 5 29 4 80 7 . 16 30 42 74 59 54 6 63 7 58 7 39 15 8 12 12 22 . 37 . 15 . 24 32 . Haulers Intercepted 15 | . 2 . 5 . . . . . 4 4 . . . . . . . . . . . . . . . . . . . . Recyclers Shooed 9 | 1 2 . 4 . . . 1 . . . . . . . . . . . . . . . . . . . . . 1 . Parts Field Recycled . | . . . . . . . . . . . . . . . . . . . . . . . . . . . . . . . Retrieved Matter . | . . . . . . . . . . . . . . . . . . . . . . . . . . . . . . . Parts Self-Destructed 48 | . . . . . . . . . . . . . . . . . . . 8 9 . 31 . . . . . . . . Prevented 4 | . . . . . . . . . . . . . . . . . . . . . . 4 . . . . . . . . Parts Restored . | . . . . . . . . . . . . . . . . . . . . . . . . . . . . . . . Kills | -11 -10 -10 -9 -9 -9 -8 -8 -8 -8 -8 -8 -7 -7 -7 -7 -6 -6 -6 -6 -6 -6 -5 -5 -5 -5 -5 -4 -4 -4 -4 ------- Run | Yrd Mat Min Mat Min Exi Min Mat Gar Mat Sto Gar Fac Gar Fac Gar Fac Gar Fac Low Low Dat Pro Fac Gar Fac Gar Fac Gar Fac Gar Combat Hostiles Destroyed 297 | . 13 2 24 3 . 7 10 22 18 12 26 2 24 6 22 4 17 9 7 6 4 8 . 11 . 8 . 12 19 1 Melee 8 | . . 2 . . . . . . . . . . . 2 . . 1 . . . . 2 . . . . . . . 1 Guns 86 | . 6 . 6 . . 1 5 11 8 3 8 1 6 1 4 1 1 . . . . . . 4 . 4 . 4 12 . Cannons 110 | . 7 . 18 . . 1 1 . 8 7 6 1 15 3 4 3 13 6 5 . . 6 . 1 . . . 4 1 . AOE 75 | . . . . 3 . 5 4 11 2 2 11 . 3 . 13 . . . 2 6 . . . 6 . 3 . 2 2 . Classes Destroyed 18 | 2 5 . 3 1 . . . . . 1 1 . . 2 1 . . . . . . 1 . . . 1 . . . . Worker 14 | 1 1 . 1 1 . 1 1 . 4 1 . . . . . . . 2 . . . . . . . . . . 1 . Builder 6 | . . . . 1 . 1 . . 3 1 . . . . . . . . . . . . . . . . . . . . Tunneler 4 | 1 . . . . . 1 1 . 1 . . . . . . . . . . . . . . . . . . . . . Hauler 15 | . 2 . 5 . . . . . 4 4 . . . . . . . . . . . . . . . . . . . . Recycler 10 | . . . 6 . . . 1 . . 1 . . . . . . . . . . . 1 . . . . . . 1 . Operator 6 | . 2 . 1 . . . . . . 2 . 1 . . . . . . . . . . . . . . . . . . Watcher 11 | . 3 . 3 . . . 1 . 2 . . . 1 . . 1 . . . . . . . . . . . . . . Swarmer 79 | . 9 . 9 3 . 7 4 6 2 . 6 . 7 2 6 . . . . 6 . . . 6 . 3 . 2 . 1 Cutter 2 | . . . . . . . . . . . . . . . . . . . . . . . . . . 2 . . . . Grunt 117 | . 4 2 8 . . . 1 9 9 4 15 . 15 . 10 3 10 8 3 . . 3 . 1 . . . 5 7 . Brawler 9 | . . . . . . . . . . . . . . . 1 1 . . . . . 1 . 3 . . . . 3 . Duelist 10 | . . . 1 . . . . 1 . . . . 1 . . . 1 . 1 . . . . . . . . 3 2 . Sentry 47 | . . . 6 . . . 5 6 7 7 3 1 1 . 2 . 3 1 1 . . 2 . 1 . . . . 1 . Demolisher 2 | . . . . . . . . . . . . . . 2 . . . . . . . . . . . . . . . . Hunter 13 | . . . . . . . . . . 1 . . . . . . 2 . 2 . . 1 . . . 1 . 2 4 . Programmer 12 | . . . . . . . . . . . 3 1 . . 3 . 1 . . . . . . . . 2 . . 2 . Behemoth 2 | . . . . . . . . . . . . . . . . . . . . . . 1 . . . . . 1 . . Enhanced Grunt 4 | . . . . . . . . . . . . . . . . . . . . . 4 . . . . . . . . . Packrat 1 | . . . . . . . . . . . . . . . . . . . 1 . . . . . . . . . . . Assembled 2 | . . . . . . . . . . . . . . 2 . . . . . . . . . . . . . . . . Best Kill Streak 9 | 2 4 2 8 3 . 4 6 4 6 3 7 1 7 2 9 5 4 8 4 6 1 3 . 7 . 4 . 4 6 1 Combat Bots Only 9 | . 3 2 7 3 . 3 4 4 3 3 7 1 7 2 9 4 4 8 4 6 1 2 . 7 . 4 . 4 5 1 Max Kills in Single Turn 4 | 1 1 1 2 2 . 3 4 2 2 2 3 1 2 2 3 1 1 1 1 2 1 1 . 3 . 3 . 2 1 1 Gunslinging . | . . . . . . . . . . . . . . . . . . . . . . . . . . . . . . . Exploded 3 | . . . . 2 . 2 3 2 2 2 3 . 1 . 3 . . . 1 2 . . . 3 . 3 . 2 1 . Melee 1 | . . 1 . . . . . . . . . . . 1 . . 1 . . . . 1 . . . . . . . 1 Uniques/NPCs Destroyed . | . . . . . . . . . . . . . . . . . . . . . . . . . . . . . . . Combat | -11 -10 -10 -9 -9 -9 -8 -8 -8 -8 -8 -8 -7 -7 -7 -7 -6 -6 -6 -6 -6 -6 -5 -5 -5 -5 -5 -4 -4 -4 -4 -------- Run | Yrd Mat Min Mat Min Exi Min Mat Gar Mat Sto Gar Fac Gar Fac Gar Fac Gar Fac Low Low Dat Pro Fac Gar Fac Gar Fac Gar Fac Gar Hostile Shots Fired 1830 | . 72 28 92 10 . 12 23 75 83 41 78 33 80 38 111 26 122 55 80 48 22 95 . 14 . 51 . 124 382 35 Missed 428 | . 15 7 29 4 . 1 6 22 23 15 22 10 10 7 23 5 29 14 19 21 6 21 . 8 . 11 . 20 62 18 Hits 1402 | . 57 21 63 6 . 11 17 53 60 26 56 23 70 31 88 21 93 41 61 27 16 74 . 6 . 40 . 104 320 17 Melee 40 | . . . 1 . . . . . . . . . 3 5 . 2 . . 4 . . . . 1 . 4 . 6 14 . Projectile 1362 | . 57 21 62 6 . 11 17 53 60 26 56 23 67 26 88 19 93 41 57 27 16 74 . 5 . 36 . 98 306 17 AOE 20 | . . . . . . . . . . 1 . . . 17 . . . . . . . . . . . 1 . . 1 . Critical Strikes 58 | . 1 . 3 . . . 2 2 2 3 2 . 4 . 4 2 2 1 1 1 . 2 . . . 2 . 9 13 2 Actively Blocked 6 | . . . . . . . . . . . . . . . . . . . . . . . . . . . . . 6 . Part Disruptions 1 | . . . . . . . . . . . . . . . . . . . . . . . . . . . . . 1 . Damage Taken 22877 | . 525 263 683 96 . 78 235 785 908 482 715 208 861 973 822 406 1156 746 1147 314 601 1755 . 132 . 729 . 1589 6364 304 Core 2561 | . 88 24 86 15 . 31 44 70 85 32 127 36 45 104 50 19 125 55 112 19 4 162 . 14 . 51 . 64 825 274 Absorbed by Shields 1638 | . . . . . . . . . . . 174 113 300 36 248 . 222 . . . . . . . . 65 . 463 . 17 Reduced by Siege Mode 734 | . . . . . . . . . . . . . 69 21 86 50 30 70 112 . 35 . . . . 22 . 27 212 . Redirected to Shielding 14 | . . . . . . . . . . . . . . . . . . . . . . . . . . . . . 14 . Ignored by Resistances 395 | . . . . . . . . . . . . . . . . . . . . . 131 . . . . . . . 264 . Regen/Repaired (Parts) 148 | . 115 . . . . . . . . . . 33 . . . . . . . . . . . . . . . . . . Core Remaining (%) 65 | 100 . 55 . . . 67 . . . . 34 . . . 66 . . . . . . 41 . . . 93 . . . . Volleys Fired 1036 | 12 58 2 80 2 . 7 18 78 60 34 82 28 107 8 76 16 35 33 23 10 22 65 . 47 14 26 . 31 62 . Largest 3 | 2 2 2 2 1 . 2 3 3 3 3 3 3 3 3 3 3 3 3 3 3 3 3 . 3 1 3 . 3 3 . Hottest 270 | 60 90 97 112 30 . 60 135 121 121 173 116 178 178 159 171 114 270 270 270 270 270 270 . 255 90 225 . 253 248 . Shots Fired 2247 | 24 109 4 150 2 . 9 50 128 162 92 151 46 243 16 177 49 98 84 53 23 59 117 . 91 14 55 . 71 170 . Gun 1117 | 24 56 . 74 . . 2 36 118 114 46 69 15 109 6 90 33 18 . . . . 2 . 45 . 50 . 47 163 . Cannon 1008 | . 53 4 76 . . 2 12 . 47 41 69 25 131 10 74 16 80 81 45 19 59 100 . 25 14 2 . 18 5 . Launcher 77 | . . . . 2 . 5 2 10 1 5 13 . 3 . 13 . . . 8 4 . . . 3 . 2 . 4 2 . Special 45 | . . . . . . . . . . . . 6 . . . . . 3 . . . 15 . 18 . 1 . 2 . . Kinetic 802 | 12 55 2 118 . . 4 32 50 106 46 69 15 109 6 85 33 18 . . . . . . . . . . . 42 . Thermal 1313 | 12 49 2 32 . . . 16 68 55 41 69 25 131 10 79 16 80 81 45 19 59 102 . 70 14 52 . 65 121 . Explosive 77 | . . . . 2 . 5 2 10 1 5 13 . 3 . 13 . . . 8 4 . . . 3 . 2 . 4 2 . Electromagnetic 10 | . 5 . . . . . . . . . . . . . . . . . . . . . . . . . . . 5 . Robot Hit Streak 56 | 4 12 13 10 . . 1 10 14 20 12 9 9 37 6 56 29 16 10 6 1 7 9 . 16 . 19 . 16 27 . Robot Miss Streak 7 | 2 3 2 7 . . 5 4 2 2 3 4 2 2 2 3 1 2 2 2 3 4 3 . 2 . 5 . 2 6 . Penetration Max 1 | . . . . . . . . . . . . . . . . . . . . . . . . . . . . . 1 . Secondary Targets 10 | . . . . . . . . 4 . . . . . . . . . . . . . . . . . 1 . . 5 . Max Gunslinging Chain 1 | . . . . . . . . 1 . . . . . . . . . . . . . . . . . 1 . . 1 . Shots Hit Robots 1367 | 14 67 8 105 . . 2 25 59 105 61 63 22 148 9 135 37 60 37 24 2 30 64 . 67 . 34 . 56 132 1 Core Hits 773 | 4 24 4 88 3 . 14 28 43 47 34 50 7 76 8 79 15 30 15 18 6 10 21 . 39 . 15 . 34 60 1 Critical Kills 17 | . . 2 1 . . . . . . . 3 . 1 . 1 . 1 3 . . 2 . . . . . . 2 1 . Critical Parts Destroyed 10 | . . . . . . . . 2 . 1 . . 1 . . . . . . . . . . . . . . . 6 . Critical Strikes 43 | . 3 2 1 . . . 1 5 . 1 3 . 2 . 1 . 1 3 . . 2 . . 1 . 1 . 2 14 . Burn 12 | . . . . . . . 1 3 . . . . . . . . . . . . . . . 1 . 1 . . 6 . Meltdown 11 | . . . . . . . . . . . 1 . 1 . 1 . 1 3 . . 2 . . . . . . 2 . . Destroy 15 | . . . 1 . . . . 2 . 1 2 . 1 . . . . . . . . . . . . . . . 8 . Blast 3 | . 3 . . . . . . . . . . . . . . . . . . . . . . . . . . . . . Smash 2 | . . 2 . . . . . . . . . . . . . . . . . . . . . . . . . . . . Melee Attacks 57 | . . 7 4 . . . 3 . 6 11 . 4 . 6 . 2 1 . . . 1 8 . . . . 2 . . 2 Impact 11 | . . 7 4 . . . . . . . . . . . . . . . . . . . . . . . . . . . Slashing 42 | . . . . . . . 3 . 6 7 . 4 . 6 . 2 1 . . . 1 8 . . . . 2 . . 2 Piercing . | . . . . . . . . . . . . . . . . . . . . . . . . . . . . . . . Sneak Attacks 6 | . . . . . . . . . . 4 . . . . . . . . . . 1 1 . . . . . . . . Combat Hostiles . | . . . . . . . . . . . . . . . . . . . . . . . . . . . . . . . Follow-up Attacks . | . . . . . . . . . . . . . . . . . . . . . . . . . . . . . . . Damage Inflicted 38576 | 134 1012 171 1913 208 . 530 688 2052 2154 1683 2727 403 3259 183 3844 625 1809 1152 1312 548 683 2187 . 2026 . 1145 . 2053 4009 66 Guns 13194 | 134 350 . 847 . . 17 314 960 1123 467 608 133 1172 52 1121 320 97 . . . . . . 801 . 849 . 833 2996 . Cannons 15093 | . 636 69 1066 . . 50 180 . 875 716 533 270 1854 121 1195 305 1705 1152 640 63 611 1664 . 663 . . . 527 198 . Explosions 9464 | . . . . 183 . 433 194 1092 105 495 1582 . 233 . 1528 . . . 672 485 . 101 . 557 . 296 . 693 815 . Melee 662 | . . 102 . . . . . . . . . . . . . . . . . . 72 422 . . . . . . . 66 Ramming 163 | . 26 . . 25 . 30 . . 51 5 4 . . 10 . . 7 . . . . . . 5 . . . . . . Kinetic 8607 | 79 382 34 1485 . . 67 303 538 1080 467 608 133 1172 52 1065 320 97 . . . . . . . . . . . 725 . Thermal 19517 | 55 538 35 428 . . . 191 422 918 716 533 270 1854 121 1251 305 1705 1152 640 63 611 1765 . 1464 . 849 . 1360 2271 . Explosive 9363 | . . . . 183 . 433 194 1092 105 495 1582 . 233 . 1528 . . . 672 485 . . . 557 . 296 . 693 815 . Electromagnetic 264 | . 66 . . . . . . . . . . . . . . . . . . . . . . . . . . . 198 . Impact 102 | . . 102 . . . . . . . . . . . . . . . . . . . . . . . . . . . . Slashing 560 | . . . . . . . . . . . . . . . . . . . . . 72 422 . . . . . . . 66 Piercing . | . . . . . . . . . . . . . . . . . . . . . . . . . . . . . . . Highest Corruption 45 | . . . . . . . . . . . 1 . . 9 13 5 5 5 5 5 5 13 . . . 9 . . 43 45 Average Corruption 9 | . . . . . . . . . . . 1 . . 8 11 5 5 5 5 5 5 8 . . . 8 . . 29 43 Corruption Purged . | . . . . . . . . . . . . . . . . . . . . . . . . . . . . . . . Corruption Blocked . | . . . . . . . . . . . . . . . . . . . . . . . . . . . . . . . Effects 263 | . . . . . . . . . . . 1 . . 16 40 16 25 20 11 10 9 46 . . . 11 . . 50 8 Message Errors 61 | . . . . . . . . . . . . . . 7 5 3 8 5 4 1 5 9 . . . 4 . . 7 3 Matter Fused 68 | . . . . . . . . . . . 1 . . 2 9 5 7 5 2 1 1 18 . . . 1 . . 14 2 Heat Flow Errors 21 | . . . . . . . . . . . . . . 1 4 3 1 3 1 4 . 3 . . . . . . 1 . Energy Discharges 25 | . . . . . . . . . . . . . . . 5 2 2 3 1 . 1 7 . . . 1 . . 3 . Parts Rejected 2 | . . . . . . . . . . . . . . . . . . . . . . 1 . . . 1 . . . . Parts Fused 3 | . . . . . . . . . . . . . . . . . 2 . . . . . . . . . . . 1 . Data Loss (minor) 28 | . . . . . . . . . . . . . . 2 5 1 1 2 . 2 . 5 . . . 2 . . 6 2 Data Loss (major) 11 | . . . . . . . . . . . . . . 1 3 1 2 1 . 1 . . . . . . . . 2 . Misfires 13 | . . . . . . . . . . . . . . . 3 1 1 1 1 1 1 2 . . . . . . 2 . Alerts 7 | . . . . . . . . . . . . . . 2 1 . . . 2 . . . . . . 1 . . 1 . Misdirections 2 | . . . . . . . . . . . . . . . . . . . . . . . . . . . . . 1 1 Weapon Failures 22 | . . . . . . . . . . . . . . 1 5 . 1 . . . 1 1 . . . 1 . . 12 . Overload Shots . | . . . . . . . . . . . . . . . . . . . . . . . . . . . . . . . Overflow Damage 451 | . 10 . 5 40 . 16 . 3 10 . 29 6 3 . 43 . 6 . 28 66 12 44 . 98 . . . 5 27 . Projectiles 135 | . 10 . 5 . . . . . . . . . . . . . 6 . 28 26 . 44 . . . . . 5 11 . Explosions 294 | . . . . 40 . 6 . 3 10 . 29 6 3 . 43 . . . . 40 . . . 98 . . . . 16 . Melee 22 | . . . . . . 10 . . . . . . . . . . . . . . 12 . . . . . . . . . Knockbacks 32 | . 6 1 21 . . 1 2 . 1 . . . . . . . . . . . . . . . . . . . . . Impact 1 | . . . . . . . . . 1 . . . . . . . . . . . . . . . . . . . . . Kinetic 30 | . 6 1 20 . . 1 2 . . . . . . . . . . . . . . . . . . . . . . . Secondary 1 | . . . 1 . . . . . . . . . . . . . . . . . . . . . . . . . . . Self-Inflicted Damage 580 | . . . . 48 . . 6 8 . 27 79 113 . . . . . . 137 . . . . . . 32 . . 130 . Shots 16 | . . . . 2 . . 1 1 . 1 3 1 . . . . . . 3 . . . . . . 1 . . 3 . Rammed 17 | . 4 . . 2 . 2 . . 5 1 1 . . 1 . . . . . . . . . 1 . . . . . . Targets Rammed 25 | . 4 . . 4 . 2 . . 8 1 1 . . 3 . . 1 . . . . . . 1 . . . . . . Kicked . | . . . . . . . . . . . . . . . . . . . . . . . . . . . . . . . Crushed 8 | . . . . 2 . . . . 3 . . . . 2 . . 1 . . . . . . . . . . . . . Highest Temperature 370 | 60 157 51 72 . . . 22 143 281 266 329 174 326 198 254 204 247 200 119 211 207 359 . 12 . 33 . 370 255 . Average Temperature 68 | 25 42 26 34 . . . 7 39 96 56 82 54 79 59 78 101 60 24 13 41 38 113 . 4 . 22 . 107 49 . Received Heat Transfer 4856 | . 69 141 243 . . . 99 342 450 198 228 20 334 18 311 189 362 318 234 75 . 381 . . . . . 190 645 9 Effects 7 | . . . . . . . . . 3 . . . . . . . . . . . . 3 . . . . . 1 . . Shutdowns 1 | . . . . . . . . . . . . . . . . . . . . . . . . . . . . 1 . . Energy Bleed 2 | . . . . . . . . . 1 . . . . . . . . . . . . 1 . . . . . . . . Interference 2 | . . . . . . . . . 2 . . . . . . . . . . . . . . . . . . . . . Short Circuit 1 | . . . . . . . . . . . . . . . . . . . . . . 1 . . . . . . . . Damage (minor) 1 | . . . . . . . . . . . . . . . . . . . . . . 1 . . . . . . . . Siege Activations 31 | . . . . . . . . . . . . . 4 1 3 1 4 2 3 . 4 . . 1 . 1 . 3 4 . Total Turns 696 | . . . . . . . . . . . . . 186 7 81 44 52 57 36 . 45 . . 4 . 16 . 54 114 . Longest Duration 71 | . . . . . . . . . . . . . 71 7 32 44 25 37 18 . 39 . . 4 . 16 . 26 49 . Martial Activations . | . . . . . . . . . . . . . . . . . . . . . . . . . . . . . . . Shielding Activations . | . . . . . . . . . . . . . . . . . . . . . . . . . . . . . . . Robots Disrupted . | . . . . . . . . . . . . . . . . . . . . . . . . . . . . . . . Combat Hostiles . | . . . . . . . . . . . . . . . . . . . . . . . . . . . . . . . Robots Corrupted 1 | . . . . . . . . . . . . . . . . . . . . . . . . . . . . . 1 . Combat Hostiles 1 | . . . . . . . . . . . . . . . . . . . . . . . . . . . . . 1 . Parts Fried 3 | . . . . . . 2 . . . . . . . . . . . . . . . . . . . . . . 1 . Impact Corruptions 1 | . . . . . . 1 . . . . . . . . . . . . . . . . . . . . . . . . Robots Melted 20 | . . . . . . . . . . . 1 . 1 . 1 . 2 3 . . 4 . . 1 . 1 . 3 3 . Combat Hostiles 17 | . . . . . . . . . . . 1 . . . 1 . 2 3 . . 4 . . . . 1 . 2 3 . Parts Melted 92 | . 1 . 1 . . 1 . 2 . 5 1 1 5 . 8 2 8 11 6 . 7 3 . 5 . 1 . 15 9 . Heat Transferred 31905 | 125 1165 74 777 . . . 407 904 1369 1110 925 370 2825 222 2177 555 2497 1800 1000 100 1400 1498 . 2356 . 1217 . 2119 4913 . Parts Sabotaged 2 | . . . . . . . . . . . . . . . . . . . . . . . . . . . . . 2 . Parts Stolen . | . . . . . . . . . . . . . . . . . . . . . . . . . . . . . . . Parts Stripped . | . . . . . . . . . . . . . . . . . . . . . . . . . . . . . . . Power Chain Reactions 2 | . . . . . . . . . . . . . . . . . . . . . . 2 . . . . . . . . Alert | -11 -10 -10 -9 -9 -9 -8 -8 -8 -8 -8 -8 -7 -7 -7 -7 -6 -6 -6 -6 -6 -6 -5 -5 -5 -5 -5 -4 -4 -4 -4 ------- Run | Yrd Mat Min Mat Min Exi Min Mat Gar Mat Sto Gar Fac Gar Fac Gar Fac Gar Fac Low Low Dat Pro Fac Gar Fac Gar Fac Gar Fac Gar Maximum Alert Level 4 | . . . 1 1 . . . 4 2 1 3 2 3 2 2 1 2 1 . . . . . 2 1 2 1 2 1 . Low Security (%) 52 | 100 100 100 59 99 . 100 100 24 1 85 . 71 34 . 23 50 31 91 . . . . 100 44 33 6 78 64 82 100 Level 1 26 | . . . 40 . . . . 3 63 14 21 23 8 89 17 49 61 8 . . . . . 37 66 42 21 29 17 . Level 2 16 | . . . . . . . . 33 34 . 65 4 24 10 59 . 7 . . . . . . 18 . 50 . 6 . . Level 3 4 | . . . . . . . . 32 . . 13 . 32 . . . . . . . . . . . . . . . . . Level 4 . | . . . . . . . . 6 . . . . . . . . . . . . . . . . . . . . . . Level 5 . | . . . . . . . . . . . . . . . . . . . . . . . . . . . . . . . High Security . | . . . . . . . . . . . . . . . . . . . . . . . . . . . . . . . Max Security . | . . . . . . . . . . . . . . . . . . . . . . . . . . . . . . . Peak Influence 1142 | 5 184 85 366 204 . 152 177 1142 556 383 782 410 828 434 655 343 433 226 . . . . . 552 313 471 247 411 239 55 Initial 556 | . . . . 126 . . 3 57 556 141 211 410 3 434 166 343 22 226 . . . . . . 289 90 247 25 215 . Average 248 | . 57 8 189 58 . 57 71 568 357 149 525 109 451 314 443 193 258 146 . . . . . 252 227 362 139 203 136 7 Influence Increases 10842 | 10 457 95 833 88 . 307 358 1125 659 938 611 171 825 116 529 77 471 376 121 130 . 199 . 732 94 501 4 396 554 65 Destroy 0b10 Robot/C 6055 | . 260 80 480 60 . 200 200 640 360 460 405 30 360 60 330 60 300 195 105 90 . 165 . 360 15 285 . 225 315 15 Destroy 0b10 Robot/NC 399 | 10 40 . 80 10 . 15 20 . 70 50 . 4 28 . 24 4 . 12 . . . 4 . 20 . . . . 8 . Destroy Leader 992 | . 70 10 126 10 . 30 62 20 122 140 32 16 32 16 32 10 40 40 16 16 . 8 . 24 8 16 . 32 64 . Allied During Kill 714 | . . 5 . . . 22 3 65 . 187 23 . . . . . 21 16 . . . 22 . 226 13 88 . 12 11 . Successful Hack 243 | . 9 . 24 . . . 12 32 . 26 . 53 16 22 . . 9 25 . . . . . . . . . 11 4 . Disable Machine 312 | . 30 . . . . . 45 . 15 30 . 36 . 12 12 . 12 60 . . . . . 12 . . . . 48 . Anti-Garrison Action 819 | . . . . . . . . 250 . . 76 . 189 . 38 . 76 . . . . . . 76 . 38 . 76 . . Destroy Structure 693 | . 3 . 3 8 . 40 16 88 32 45 75 32 80 6 57 3 13 28 . . . . . 14 10 74 4 4 56 2 Partial Spotted 12 | . . . . . . . . . . . . . . . . . . . . . . . . . . . . . . 12 Lose Combat Pursuer 603 | . 45 . 120 . . . . 30 60 . . . 120 . 36 . . . . 24 . . . . 48 . . 36 48 36 Influence Decreases 10787 | 10 457 95 508 413 . 298 279 71 1467 947 154 948 2 706 112 700 70 696 234 130 . 199 . 180 517 159 438 22 965 10 Entered New Map 3274 | . . . . 199 . . 6 31 586 193 114 372 2 394 72 312 10 207 42 . . . . . 263 39 224 12 196 . Time Decay 5439 | 10 437 95 488 214 . 278 270 . 711 434 . 291 . 262 . 368 . 306 177 130 . 130 . . 214 . 214 . 410 . Lost Part 623 | . 20 . 20 . . . . . 20 10 . 10 . 50 40 20 20 10 15 . . 29 . . . 20 . 10 319 10 Lost Ally 743 | . . . . . . 20 3 40 . 160 40 . . . . . 40 40 . . . 40 . 180 40 100 . . 40 . Purge Threat 708 | . . . . . . . . . 150 150 . 275 . . . . . 133 . . . . . . . . . . . . Squads Dispatched 29 | . 2 1 1 . . . 1 . 2 6 . 3 . 1 . . . 4 . . . . . . 2 . 1 . 5 . Investigation 6 | . . . . . . . . . 1 . . 1 . . . . . 3 . . . . . . 1 . . . . . Extermination 7 | . . . . . . . . . . . . 2 . 1 . . . . . . . . . . 1 . 1 . 2 . Reinforcement 9 | . 2 . 1 . . . 1 . 1 3 . . . . . . . 1 . . . . . . . . . . . . Assault 5 | . . 1 . . . . . . . 2 . . . . . . . . . . . . . . . . . . 2 . Garrison 1 | . . . . . . . . . . 1 . . . . . . . . . . . . . . . . . . . . Intercept 1 | . . . . . . . . . . . . . . . . . . . . . . . . . . . . . 1 . Searches Triggered . | . . . . . . . . . . . . . . . . . . . . . . . . . . . . . . . Construction Impeded . | . . . . . . . . . . . . . . . . . . . . . . . . . . . . . . . Haulers Reinforced . | . . . . . . . . . . . . . . . . . . . . . . . . . . . . . . . Active Scanning Responses . | . . . . . . . . . . . . . . . . . . . . . . . . . . . . . . . Cargo Convoy Interrupts . | . . . . . . . . . . . . . . . . . . . . . . . . . . . . . . . Stealth | -11 -10 -10 -9 -9 -9 -8 -8 -8 -8 -8 -8 -7 -7 -7 -7 -6 -6 -6 -6 -6 -6 -5 -5 -5 -5 -5 -4 -4 -4 -4 --------- Run | Yrd Mat Min Mat Min Exi Min Mat Gar Mat Sto Gar Fac Gar Fac Gar Fac Gar Fac Low Low Dat Pro Fac Gar Fac Gar Fac Gar Fac Gar Distress Signals 15 | . . 1 4 . . . . . 1 6 . . 1 . . 1 . . . . . 1 . . . . . . . . Communications Jammed . | . . . . . . . . . . . . . . . . . . . . . . . . . . . . . . . Distress Signals . | . . . . . . . . . . . . . . . . . . . . . . . . . . . . . . . Times Spotted 441 | . 26 5 37 3 . 9 11 30 26 25 27 4 29 15 21 5 18 15 7 10 4 12 . 19 2 18 . 17 34 12 Peak Tracking Total 14 | . 3 4 10 3 . 3 4 5 6 4 7 1 8 9 5 5 4 5 4 4 1 5 . 6 4 5 . 11 8 14 Tactical Retreats 30 | . 3 . 4 . . . . 2 3 . . . 6 1 3 . . . . 2 . . . . 1 . . 1 3 1 Traps | -11 -10 -10 -9 -9 -9 -8 -8 -8 -8 -8 -8 -7 -7 -7 -7 -6 -6 -6 -6 -6 -6 -5 -5 -5 -5 -5 -4 -4 -4 -4 ------- Run | Yrd Mat Min Mat Min Exi Min Mat Gar Mat Sto Gar Fac Gar Fac Gar Fac Gar Fac Low Low Dat Pro Fac Gar Fac Gar Fac Gar Fac Gar Traps Triggered 18 | . 4 . . . . . . 3 1 2 . . 1 . . 1 . 1 . . . 1 . 1 1 . . 2 . . Indirectly . | . . . . . . . . . . . . . . . . . . . . . . . . . . . . . . . Trap Hack Attempts 6 | . . . 1 . . . 3 . . 2 . . . . . . . . . . . . . . . . . . . . Triggered . | . . . . . . . . . . . . . . . . . . . . . . . . . . . . . . . Disarmed . | . . . . . . . . . . . . . . . . . . . . . . . . . . . . . . . Reprogrammed 3 | . . . 1 . . . 1 . . 1 . . . . . . . . . . . . . . . . . . . . Reused . | . . . . . . . . . . . . . . . . . . . . . . . . . . . . . . . Traps Extracted . | . . . . . . . . . . . . . . . . . . . . . . . . . . . . . . . Installed . | . . . . . . . . . . . . . . . . . . . . . . . . . . . . . . . Triggered . | . . . . . . . . . . . . . . . . . . . . . . . . . . . . . . . Machines | -11 -10 -10 -9 -9 -9 -8 -8 -8 -8 -8 -8 -7 -7 -7 -7 -6 -6 -6 -6 -6 -6 -5 -5 -5 -5 -5 -4 -4 -4 -4 ---------- Run | Yrd Mat Min Mat Min Exi Min Mat Gar Mat Sto Gar Fac Gar Fac Gar Fac Gar Fac Low Low Dat Pro Fac Gar Fac Gar Fac Gar Fac Gar Machines Disabled 47 | . 2 1 1 . . . 3 4 1 2 2 3 4 1 2 . 3 5 . . . 4 . 3 . 1 . 1 4 . Max in Single Turn 2 | . 1 . 1 . . . 1 1 1 1 1 1 1 1 1 . 1 . . . . 1 . 1 . 1 . 1 2 . Garrison Access 1 | . . . . . . . . . . . . . . . . . . . . . . . . . . . . . 1 . Garrison Relay 15 | . . . . . . . . 3 . . 2 . 3 . 1 . 2 . . . . . . 2 . 1 . 1 . . Machines Repaired . | . . . . . . . . . . . . . . . . . . . . . . . . . . . . . . . Machines Dismantled . | . . . . . . . . . . . . . . . . . . . . . . . . . . . . . . . Machines Sabotaged . | . . . . . . . . . . . . . . . . . . . . . . . . . . . . . . . Overloaded Fab Kills . | . . . . . . . . . . . . . . . . . . . . . . . . . . . . . . . Hacking | -11 -10 -10 -9 -9 -9 -8 -8 -8 -8 -8 -8 -7 -7 -7 -7 -6 -6 -6 -6 -6 -6 -5 -5 -5 -5 -5 -4 -4 -4 -4 --------- Run | Yrd Mat Min Mat Min Exi Min Mat Gar Mat Sto Gar Fac Gar Fac Gar Fac Gar Fac Low Low Dat Pro Fac Gar Fac Gar Fac Gar Fac Gar Machines Accessed 81 | . 8 2 8 . 2 . 3 4 7 10 . 8 2 4 1 1 1 3 . . 3 1 1 . 1 . 4 2 5 . Terminals 49 | . 6 . 7 . . . 2 4 5 9 . 4 2 2 1 . 1 2 . . . 1 . . . . . 2 1 . Fabricators 2 | . . . . . . . . . . . . . . 1 . . . 1 . . . . . . . . . . . . Repair Stations 2 | . 1 . . . . . . . . . . 1 . . . . . . . . . . . . . . . . . . Recycling Units 7 | . 1 . . . . . . . 1 . . 1 . . . . . . . . . . . . . . 2 . 2 . Scanalyzers 5 | . . . 1 . . . . . 1 . . 1 . . . . . . . . . . . . . . 1 . 1 . Garrison Access 9 | . . . . . . . 1 . . 1 . 1 . 1 . 1 . . . . . . 1 . 1 . 1 . 1 . Total Hacks 210 | . 25 2 25 . 2 . 8 7 19 32 . 22 3 7 1 1 2 7 . . 23 1 1 . 1 . 4 7 10 . Successful 127 | . 11 2 13 . 2 . 4 3 12 21 . 14 2 3 . 1 1 4 . . 23 1 1 . 1 . 3 1 4 . Failed 81 | . 14 . 12 . . . 4 4 6 11 . 7 1 4 1 . 1 3 . . . . . . . . 1 6 6 . Catastrophic 13 | . 1 . 1 . . . . 1 . 2 . 1 1 1 1 . . 1 . . . . . . . . 1 1 1 . Database Lockouts 2 | . . . . . . . . . 1 . . 1 . . . . . . . . . . . . . . . . . . Manual 103 | . 20 . 22 . 1 . 7 2 10 23 . 11 1 2 1 . . 1 . . . . . . . . . 1 1 . Terminals 141 | . 20 . 22 . . . 7 7 13 31 . 13 3 5 1 . 2 5 . . . 1 . . . . . 7 4 . Fabricators 3 | . . . . . . . . . . . . . . 1 . . . 2 . . . . . . . . . . . . Repair Stations 8 | . 4 . . . . . . . . . . 4 . . . . . . . . . . . . . . . . . . Recycling Units 8 | . 1 . . . . . . . 1 . . 1 . . . . . . . . . . . . . . 2 . 3 . Scanalyzers 14 | . . . 3 . . . . . 5 . . 3 . . . . . . . . . . . . . . 1 . 2 . Garrison Access 9 | . . . . . . . 1 . . 1 . 1 . 1 . 1 . . . . . . 1 . 1 . 1 . 1 . Terminal Hacks 52 | . 1 2 1 . 2 . . 3 1 9 . 1 2 1 . . 1 1 . . 23 1 . . . . . 1 2 . Record 7 | . . . . . 1 . . . . . . . . . . . . . . . 6 . . . . . . . . . Part Schematic 14 | . 1 . 1 . . . . . . . . . . . . . . . . . 12 . . . . . . . . . Robot Schematic 2 | . . . . . . . . . . . . . . . . . . . . . 2 . . . . . . . . . Prototype ID Bank 4 | . . . . . . . . . . 1 . . . . . . . . . . 3 . . . . . . . . . Open Door 7 | . . 2 . . . . . 1 . 3 . . . . . . . . . . . 1 . . . . . . . . Branch Access Points 1 | . . . . . . . . . . . . . . . . . . 1 . . . . . . . . . . . . Emergency Access Points 2 | . . . . . . . . 1 . . . . 1 . . . . . . . . . . . . . . . . . Terminal Index 3 | . . . . . . . . . . 1 . 1 . 1 . . . . . . . . . . . . . . . . Alert Level 1 | . . . . . . . . . . . . . . . . . . . . . . . . . . . . . 1 . Unreport Threat 2 | . . . . . . . . . 1 1 . . . . . . . . . . . . . . . . . . . . Dispatch Records 1 | . . . . . . . . . . . . . . . . . . . . . . . . . . . . . 1 . Registered Components 1 | . . . . . . . . . . 1 . . . . . . . . . . . . . . . . . . . . Registered Prototypes 1 | . . . . . . . . . . 1 . . . . . . . . . . . . . . . . . . . . Zone Layout 1 | . . . . . . . . . . 1 . . . . . . . . . . . . . . . . . . . . Garrison Registry 2 | . . . . . . . . . . . . . 1 . . . 1 . . . . . . . . . . . . . Patrol Navigation 1 | . . . . . . . . . . . . . . . . . . . . . . . . . . . . 1 . . Security Stations 1 | . . . . . . . . 1 . . . . . . . . . . . . . . . . . . . . . . Proto ID Catalog 1 | . . . . . 1 . . . . . . . . . . . . . . . . . . . . . . . . . Fabricator Hacks 2 | . . . . . . . . . . . . . . . . . . 2 . . . . . . . . . . . . Load Schematic 1 | . . . . . . . . . . . . . . . . . . 1 . . . . . . . . . . . . Build 1 | . . . . . . . . . . . . . . . . . . 1 . . . . . . . . . . . . Repair Station Hacks 6 | . 3 . . . . . . . . . . 3 . . . . . . . . . . . . . . . . . . Scan Component 4 | . 2 . . . . . . . . . . 2 . . . . . . . . . . . . . . . . . . Repair 2 | . 1 . . . . . . . . . . 1 . . . . . . . . . . . . . . . . . . Recycling Unit Hacks 4 | . . . . . . . . . . . . 1 . . . . . . . . . . . . . . 2 . 1 . Retrieve Components 4 | . . . . . . . . . . . . 1 . . . . . . . . . . . . . . 2 . 1 . Scanalyzer 9 | . . . 3 . . . . . 4 . . 2 . . . . . . . . . . . . . . . . . . Insert Component 1 | . . . . . . . . . 1 . . . . . . . . . . . . . . . . . . . . . Analyze 1 | . . . . . . . . . 1 . . . . . . . . . . . . . . . . . . . . . Retrieve Study 7 | . . . 3 . . . . . 2 . . 2 . . . . . . . . . . . . . . . . . . Garrison Access Hacks 9 | . . . . . . . 1 . . 1 . 1 . 1 . 1 . . . . . . 1 . 1 . 1 . 1 . Unlock Access 9 | . . . . . . . 1 . . 1 . 1 . 1 . 1 . . . . . . 1 . 1 . 1 . 1 . Unauthorized Hacks 44 | . 7 . 9 . . . 3 . 6 11 . 6 . 1 . . . 1 . . . . . . . . . . . . Terminals 43 | . 7 . 9 . . . 3 . 6 11 . 6 . . . . . 1 . . . . . . . . . . . . Assimilate 1 | . . . . . . . . . . . . . . . . . . 1 . . . . . . . . . . . . Botnet 13 | . 2 . 3 . . . 1 . 1 4 . 2 . . . . . . . . . . . . . . . . . . Operators 5 | . . . 1 . . . 1 . 1 1 . 1 . . . . . . . . . . . . . . . . . . Skim 24 | . 5 . 5 . . . 1 . 4 6 . 3 . . . . . . . . . . . . . . . . . . Fabricators 1 | . . . . . . . . . . . . . . 1 . . . . . . . . . . . . . . . . Liberate 1 | . . . . . . . . . . . . . . 1 . . . . . . . . . . . . . . . . Repair Stations . | . . . . . . . . . . . . . . . . . . . . . . . . . . . . . . . Recycling Units . | . . . . . . . . . . . . . . . . . . . . . . . . . . . . . . . Scanalyzers . | . . . . . . . . . . . . . . . . . . . . . . . . . . . . . . . Garrison Access . | . . . . . . . . . . . . . . . . . . . . . . . . . . . . . . . Data Cores Recovered 1 | . . . . . . . . . . . . 1 . . . . . . . . . . . . . . . . . . Used . | . . . . . . . . . . . . . . . . . . . . . . . . . . . . . . . Hacking Detections 65 | . 8 . 8 . . . 3 3 7 6 . 8 2 4 1 1 1 3 . . . 1 . . . . 2 2 5 . Full Trace Events 5 | . 1 . . . . . . . . . . 1 . . . . . 2 . . . . . . . . . 1 . . Feedback Events . | . . . . . . . . . . . . . . . . . . . . . . . . . . . . . . . Feedback Blocked . | . . . . . . . . . . . . . . . . . . . . . . . . . . . . . . . Robot Schematics Acquired 2 | . . . . . . . . . . . . . . . . . . . . . 2 . . . . . . . . . Robots Built . | . . . . . . . . . . . . . . . . . . . . . . . . . . . . . . . Authchips . | . . . . . . . . . . . . . . . . . . . . . . . . . . . . . . . Time . | . . . . . . . . . . . . . . . . . . . . . . . . . . . . . . . Total Robot Build Rating . | . . . . . . . . . . . . . . . . . . . . . . . . . . . . . . . Part Schematics Acquired 14 | . 1 . 1 . . . . . . . . . . . . . . . . . 12 . . . . . . . . . Parts Built 1 | . . . . . . . . . . . . . . . . . . 1 . . . . . . . . . . . . Authchips . | . . . . . . . . . . . . . . . . . . . . . . . . . . . . . . . Time 25 | . . . . . . . . . . . . . . . . . . 25 . . . . . . . . . . . . Total Part Build Rating 1 | . . . . . . . . . . . . . . . . . . 1 . . . . . . . . . . . . Part Studies Acquired 7 | . . . 3 . . . . . 2 . . 2 . . . . . . . . . . . . . . . . . . Parts Repaired 2 | . 1 . . . . . . . . . . 1 . . . . . . . . . . . . . . . . . . Time 52 | . 36 . . . . . . . . . . 16 . . . . . . . . . . . . . . . . . . Parts Recycled . | . . . . . . . . . . . . . . . . . . . . . . . . . . . . . . . Recycled Matter . | . . . . . . . . . . . . . . . . . . . . . . . . . . . . . . . Retrieved Matter . | . . . . . . . . . . . . . . . . . . . . . . . . . . . . . . . Retrieved Components 2 | . . . . . . . . . . . . . . . . . . . . . . . . . . . 1 . 1 . Parts Scanalyzed 1 | . . . . . . . . . 1 . . . . . . . . . . . . . . . . . . . . . Part Schematics Acquired . | . . . . . . . . . . . . . . . . . . . . . . . . . . . . . . . Parts Damaged . | . . . . . . . . . . . . . . . . . . . . . . . . . . . . . . . Bothacking | -11 -10 -10 -9 -9 -9 -8 -8 -8 -8 -8 -8 -7 -7 -7 -7 -6 -6 -6 -6 -6 -6 -5 -5 -5 -5 -5 -4 -4 -4 -4 ------------ Run | Yrd Mat Min Mat Min Exi Min Mat Gar Mat Sto Gar Fac Gar Fac Gar Fac Gar Fac Low Low Dat Pro Fac Gar Fac Gar Fac Gar Fac Gar Used RIF Installer 9 | . . . . . . . . 1 . . 1 . 1 . 1 . 1 . . . . . . 1 . 1 . 1 . 1 Hotswap 1 | . . . . . . . . . . . . . . . . . 1 . . . . . . . . . . . . . Code Merge 1 | . . . . . . . . . . . . . . . . . . . . . . . . 1 . . . . . . Command Fork 1 | . . . . . . . . . . . . . . . . . . . . . . . . . . 1 . . . . Threat Obfuscator 1 | . . . . . . . . . . . 1 . . . . . . . . . . . . . . . . . . . Zone Cloak 1 | . . . . . . . . . . . . . . . . . . . . . . . . . . . . . . 1 Watcher Feeds 1 | . . . . . . . . . . . . . . . 1 . . . . . . . . . . . . . . . Structural Interface 1 | . . . . . . . . . . . . . 1 . . . . . . . . . . . . . . . . . Program Shield 1 | . . . . . . . . . . . . . . . . . . . . . . . . . . . . 1 . . Robots Hacked 4 | . . . . . . . . . . . . 1 . . . . . 1 . . . . . . . 1 . 1 . . Non-combat 2 | . . . . . . . . . . . . 1 . . . . . 1 . . . . . . . . . . . . Combat 2 | . . . . . . . . . . . . . . . . . . . . . . . . . . 1 . 1 . . Robot Hacks Applied 8 | . . . . . . . . . . . . 4 . . . . . 2 . . . . . . . 1 . 1 . . purge_threat 3 | . . . . . . . . . . . . 2 . . . . . 1 . . . . . . . . . . . . reprogram_traps 1 | . . . . . . . . . . . . 1 . . . . . . . . . . . . . . . . . . block_reporting 1 | . . . . . . . . . . . . 1 . . . . . . . . . . . . . . . . . . streamctrl_high 1 | . . . . . . . . . . . . . . . . . . . . . . . . . . . . 1 . . formatsys_low 1 | . . . . . . . . . . . . . . . . . . 1 . . . . . . . . . . . . formatsys_high 1 | . . . . . . . . . . . . . . . . . . . . . . . . . . 1 . . . . Relay Couplers Released 65 | . . . . . . . . 10 . . 12 . 12 . 4 . 9 . . . . . . 9 . 3 . 4 2 . Machine Destruction 62 | . . . . . . . . 10 . . 9 . 12 . 4 . 9 . . . . . . 9 . 3 . 4 2 . Programmers 3 | . . . . . . . . . . . 3 . . . . . . . . . . . . . . . . . . . Attached 9 | . . . . . . . . . . . . 1 . . . 1 . . . . . . . 1 . 4 . 1 1 . Merged Code Value 75 | . . . . . . . . . . . . . . . . . . . . . . . . 7 . 59 . 9 . . Fabnet Peak Effective % . | . . . . . . . . . . . . . . . . . . . . . . . . . . . . . . . Robots Rewired 30 | . . . . . . . . . . 2 . . . . . . 5 . . . . 11 . 12 . . . . . . Allies Hacked 3 | . . . . . . . . . . . . . . . . . . . . . . . . . . 3 . . . . Hacks Repelled . | . . . . . . . . . . . . . . . . . . . . . . . . . . . . . . . Allies | -11 -10 -10 -9 -9 -9 -8 -8 -8 -8 -8 -8 -7 -7 -7 -7 -6 -6 -6 -6 -6 -6 -5 -5 -5 -5 -5 -4 -4 -4 -4 -------- Run | Yrd Mat Min Mat Min Exi Min Mat Gar Mat Sto Gar Fac Gar Fac Gar Fac Gar Fac Low Low Dat Pro Fac Gar Fac Gar Fac Gar Fac Gar Total Allies 55 | . . 1 . 3 . . . 2 . 12 . . . 3 . . 5 2 . . . 11 . 12 . 3 . 1 . . Largest Group 11 | . . 1 . 3 3 2 1 2 . 11 3 . . 3 . . 3 3 1 1 1 9 9 11 7 5 . 1 . . Highest-Rated Group 440 | . . 31 . 40 40 24 16 50 . 204 58 . . 48 . . 87 87 26 26 26 202 191 440 293 331 . 116 . . Highest-Rated Ally 116 | . . 31 . 16 16 16 16 25 . 31 26 . . 16 . . 40 29 26 26 26 41 41 49 49 116 . 116 . . Total Orders 8 | . . . 1 . . . . . . . . . . . . . . 1 . . . . . 5 . . . . 1 . STAY 4 | . . . . . . . . . . . . . . . . . . 1 . . . . . 3 . . . . . . FOLLOW 2 | . . . . . . . . . . . . . . . . . . . . . . . . 2 . . . . . . RETURN 2 | . . . 1 . . . . . . . . . . . . . . . . . . . . . . . . . 1 . Ally Attacks 375 | . . 14 . . . 12 . 33 . 89 13 . . . . . 21 22 . . . 15 . 80 7 32 . 4 33 . Total Damage 7868 | . . 230 . . . 110 . 773 . 1130 85 . . . . . 468 711 . . . 677 . 1860 111 1238 . 249 226 . Kills 70 | . . 2 . . . 3 . 10 . 12 1 . . . . . 3 6 . . . 3 . 13 1 11 . 3 2 . Allies Corrupted 2 | . . . . . . . . . . . . . . . . . . . . . . . . . . 2 . . . . Allies Melted 2 | . . . . . . . . . . . . . . . . . . . . . . . . . 1 . . 1 . . Intel | -11 -10 -10 -9 -9 -9 -8 -8 -8 -8 -8 -8 -7 -7 -7 -7 -6 -6 -6 -6 -6 -6 -5 -5 -5 -5 -5 -4 -4 -4 -4 ------- Run | Yrd Mat Min Mat Min Exi Min Mat Gar Mat Sto Gar Fac Gar Fac Gar Fac Gar Fac Low Low Dat Pro Fac Gar Fac Gar Fac Gar Fac Gar Active Infowar (turns) 9553 | 6 1702 821 1651 724 504 714 40 . . . . . . . . . . . 21 513 264 910 . . . 1 323 527 832 . Sensors 1669 | . . 2 . 643 . . . . . . . . . . . . . . 21 513 264 226 . . . . . . . . IFF 684 | . . . . . . . . . . . . . . . . . . . . . . 684 . . . . . . . . Terrain 569 | . . . . . . . . . . . . . . . . . . . . . . . . . . . . . 569 . Structural 3628 | . . . 1646 724 504 714 40 . . . . . . . . . . . . . . . . . . . . . . . Seismic 2749 | 6 1702 819 222 . . . . . . . . . . . . . . . . . . . . . . . . . . . Spoofing 1 | . . . . . . . . . . . . . . . . . . . . . . . . . . 1 . . . . Jamming 1113 | . . . . . . . . . . . . . . . . . . . . . . . . . . . 323 527 263 . Robot Analysis Total 154 | . . . . . . . . . . . . . . . . . . . . . 154 . . . . . . . . . Derelict Logs Recovered 3 | . . 1 . 1 . . . . . . . . . . . . . . . . . 1 . . . . . . . . Drone Launches 9 | . . . 1 . . . . . . . . . . . . . . . . . . . . . . . . . 8 . Drone Recoveries 7 | . . . 1 . . . . . . . . . . . . . . . . . . . . . . . . . 6 . Exploration | -11 -10 -10 -9 -9 -9 -8 -8 -8 -8 -8 -8 -7 -7 -7 -7 -6 -6 -6 -6 -6 -6 -5 -5 -5 -5 -5 -4 -4 -4 -4 ------------- Run | Yrd Mat Min Mat Min Exi Min Mat Gar Mat Sto Gar Fac Gar Fac Gar Fac Gar Fac Low Low Dat Pro Fac Gar Fac Gar Fac Gar Fac Gar Turns Passed 28363 | 165 1958 1014 1651 724 504 714 842 1366 3211 1061 1107 857 1772 572 999 842 921 736 591 513 465 1469 67 835 449 675 459 671 1005 148 Spaces Moved 12696 | 77 828 404 830 441 269 428 420 670 1030 450 529 386 796 293 413 172 431 321 306 296 169 736 29 383 137 318 239 309 435 151 Core 173 | 5 . . . . . . . . . . . . . . . . . . . . . . . . . . . . 17 151 Treads 11597 | 72 828 404 830 441 269 428 420 670 1030 450 529 386 796 293 413 172 431 321 306 296 118 . . 293 137 318 239 309 398 . Legs 926 | . . . . . . . . . . . . . . . . . . . . . 51 736 29 90 . . . . 20 . Wheels . | . . . . . . . . . . . . . . . . . . . . . . . . . . . . . . . Hover . | . . . . . . . . . . . . . . . . . . . . . . . . . . . . . . . Flight . | . . . . . . . . . . . . . . . . . . . . . . . . . . . . . . . Fastest Speed 50 | 50 160 232 155 160 160 160 160 162 162 160 160 160 160 160 160 160 160 160 160 160 120 120 190 160 160 160 160 160 50 50 Average Speed 162 | 152 201 234 155 160 160 160 160 162 162 160 160 160 160 160 160 160 160 160 160 160 157 136 190 167 160 160 160 160 157 50 Slowest Speed 260 | 160 240 240 160 160 160 160 162 162 162 162 160 162 163 160 160 160 160 160 160 160 190 260 190 190 160 160 160 160 240 50 Overloaded Moves . | . . . . . . . . . . . . . . . . . . . . . . . . . . . . . . . Propulsion Burnouts . | . . . . . . . . . . . . . . . . . . . . . . . . . . . . . . . Robots Hopped . | . . . . . . . . . . . . . . . . . . . . . . . . . . . . . . . Potential Cave-ins 7 | . . . . . . . . . . . . . . . . . . 2 . . . 2 . . 3 . . . . . Cave-ins Triggered . | . . . . . . . . . . . . . . . . . . . . . . . . . . . . . . . Exploration Rate (%) 47 | 4 99 89 71 82 69 90 36 86 62 67 62 11 60 11 54 6 59 9 56 44 80 54 2 48 5 57 9 48 14 34 Regions Visited 30 Branch Regions 9 Pre-discovered Areas 39 | . . . 1 . 1 . . . . 4 . . . . . . . . . . 32 1 . . . . . . . . Known Exits Taken 16 | . 1 1 1 . . 1 1 . 1 1 . 1 . 1 . 1 . 1 1 . . . 1 . 1 . 1 . 1 . Unknown Exits Taken 6 | 1 . . . 1 1 . . . . . . . . . . . . . . 1 1 1 . . . . . . . . Scrap Searched 11 | . . 1 . 1 . 1 . . . . . . . . . . . . 2 3 . 3 . . . . . . . . Spaces Dug 281 | . . . 2 8 . 38 9 17 20 7 23 11 5 6 49 2 1 21 9 26 . 14 . 7 3 . 2 . . 1 Terrain Destroyed 708 | . . . 2 8 . 44 13 55 31 45 48 37 12 7 87 2 1 35 107 58 5 29 . 7 14 32 2 . 26 1 Melee 33 | . . . 2 . . . 2 . 6 7 . 4 . 6 . 2 1 . . . . . . . . . 2 . . 1 Projectile 153 | . . . . . . . . . 11 8 1 10 . 1 1 . . 35 23 14 5 29 . . 14 . . . 1 . AOE 522 | . . . . 8 . 44 11 55 14 30 47 23 12 . 86 . . . 84 44 . . . 7 . 32 . . 25 . Terrain Rammed . | . . . . . . . . . . . . . . . . . . . . . . . . . . . . . . . Walls Destroyed . | . . . . . . . . . . . . . . . . . . . . . . . . . . . . . . . Machines Disabled . | . . . . . . . . . . . . . . . . . . . . . . . . . . . . . . . Actions | -11 -10 -10 -9 -9 -9 -8 -8 -8 -8 -8 -8 -7 -7 -7 -7 -6 -6 -6 -6 -6 -6 -5 -5 -5 -5 -5 -4 -4 -4 -4 --------- Run | Yrd Mat Min Mat Min Exi Min Mat Gar Mat Sto Gar Fac Gar Fac Gar Fac Gar Fac Low Low Dat Pro Fac Gar Fac Gar Fac Gar Fac Gar Total 18585 | 100 1008 458 1051 455 343 448 547 838 2436 718 683 585 1130 370 611 703 591 482 364 316 320 1091 41 518 352 442 312 432 619 221 Wait 3768 | 2 77 18 56 4 70 2 67 59 1289 142 31 140 182 40 89 488 62 103 30 6 97 159 10 38 201 64 60 56 58 68 Move 12675 | 76 827 403 829 440 268 427 420 669 1029 450 528 386 795 293 412 172 430 320 305 295 168 735 29 382 137 317 239 308 435 151 Hop . | . . . . . . . . . . . . . . . . . . . . . . . . . . . . . . . Pick Up 212 | 3 17 10 23 1 1 2 4 2 9 14 6 9 7 5 8 8 8 4 1 . 10 14 1 12 . 7 4 9 13 . Fast Attach 84 | 6 7 3 4 . . . 3 . . 10 1 . 8 2 3 1 . . 1 . 1 11 . 3 . 7 . . 13 . Attach 93 | 1 2 2 5 . . . 2 1 2 1 . 3 . 5 4 4 3 2 1 1 8 12 . 2 . 3 1 5 23 . Detach 9 | . . 3 1 . . . 1 . . . . . . . . . . . . . . 1 . 1 . 1 . 1 . . Swap 267 | . 11 3 18 3 2 5 16 20 21 26 19 9 10 5 13 7 10 12 3 4 9 5 . 10 . 7 4 11 4 . Drop 243 | . 5 7 30 1 2 3 10 9 12 27 15 6 21 3 6 5 12 8 . . 4 5 1 17 . 10 2 11 11 . Fire 1036 | 12 58 2 80 2 . 7 18 78 60 34 82 28 107 8 76 16 35 33 23 10 22 65 . 47 14 26 . 31 62 . Melee 57 | . . 7 4 . . . 3 . 6 11 . 4 . 6 . 2 1 . . . 1 8 . . . . 2 . . 2 Ram . | . . . . . . . . . . . . . . . . . . . . . . . . . . . . . . . Kick . | . . . . . . . . . . . . . . . . . . . . . . . . . . . . . . . Crush 25 | . 4 . . 4 . 2 . . 8 1 1 . . 3 . . 1 . . . . . . 1 . . . . . . Escape Stasis 5 | . . . . . . . . . . . . . . . . . . . . . . . . 5 . . . . . . Rewire 105 | . . . . . . . . . . . . . . . . . 29 . . . . 76 . . . . . . . . Trap 6 | . . . 1 . . . 3 . . 2 . . . . . . . . . . . . . . . . . . . . Miscellaneous . | . . . . . . . . . . . . . . . . . . . . . . . . . . . . . . . Route ------- -11/Scrapyard -10/Materials (discovered 5 exits: *Mat x3 / *Min / [*Sub]) -10/Mines (discovered 3 exits: *Mat x2 / [*Sub]) -9/Materials (discovered 5 exits: *Mat x3 / *Min x2) -9/Mines (discovered 2 exits: *Mat / *Exi) -9/Exiles -8/Mines -8/Materials (discovered 4 exits: *Fac / *Sto x2 / Gar) -8/Garrison (discovered 3 exits: *Mat x3) -8/Materials (discovered 3 exits: *Fac x2 / *Sto) -8/Storage (discovered 3 exits: *Fac / Rec / Gar) -8/Garrison (discovered 2 exits: *Fac x2) -7/Factory (discovered 7 exits: Fac x4 / Low x2 / Gar) -7/Garrison (discovered 3 exits: *Fac x3) -7/Factory (discovered 3 exits: *Low x2 / Gar) -7/Garrison -6/Factory -6/Garrison (discovered 4 exits: *Fac x4) -6/Factory (discovered 4 exits: *Low x2 / Ext x2) -6/Lower Caves -6/Lower Caves -6/Data Miner -5/Proximity Caves -5/Factory -5/Garrison -5/Factory -5/Garrison -4/Factory -4/Garrison -4/Factory (discovered 2 exits: [*Res] / Gar) -4/Garrison History --------- Turn | Location | Event 57 | -11/Scrapyard | Discovered new exit (range 15) 166 | -11/Scrapyard | Entered Materials 311 | -10/Materials | Discovered new exit (range 10) 354 | -10/Materials | Build established: Mutant 675 | -10/Materials | Discovered new exit (range 11) 935 | -10/Materials | Repaired Broken Lgt. Treads 1121 | -10/Materials | Discovered new exit (range 16) 1732 | -10/Materials | Discovered new exit (range 15) 1744 | -10/Materials | Discovered new exit (range 7) 1867 | -10/Materials | Identified exit to Mines 1993 | -10/Materials | Identified exit to Materials 2124 | -10/Materials | Entered Mines 2125 | -10/Mines | Assembled infested the area 2130 | -10/Mines | Assisted by a Guerilla fighting off Assembled 2135 | -10/Mines | Met a Derelict who couldn't figure out how to use a Trap Extractor 2301 | -10/Mines | Learned Materials trap positions 2316 | -10/Mines | Met a Derelict testing a Signal Generator 2329 | -10/Mines | Discovered new exit (range 8) 2493 | -10/Mines | Found a damaged Exp. Sensor Array with a note attached 2498 | -10/Mines | Found Prototype Device 2498 | -10/Mines | Identified Exp. Sensor Array 2892 | -10/Mines | Discovered exit to Materials (range 10) 2930 | -10/Mines | Found the Drone Emporium 2946 | -10/Mines | Found Prototype Device 2946 | -10/Mines | Identified Thief Drone Bay 3030 | -10/Mines | Discovered exit to Materials (range 7) 3055 | -10/Mines | Joined a pair of Derelicts in attacking an 0b10 outpost 3138 | -10/Mines | Entered Materials 3138 | -9/Materials | Evolved 2 slots: Propulsion x1, Utility x1 3139 | -9/Materials | Loaded intel: 30 trap records 3417 | -9/Materials | Destroyed 7 combat bots 3656 | -9/Materials | Discovered new exit (range 10) 3879 | -9/Materials | Discovered new exit (range 16) 3902 | -9/Materials | Identified exit to Materials 4058 | -9/Materials | Identified exit to Mines 4408 | -9/Materials | Discovered exit to Mines (range 16) 4537 | -9/Materials | Learned Recycling recycling unit intel 4574 | -9/Materials | Learned location of 1 exit from Storage 4603 | -9/Materials | Learned location of 1 exit from Recycling 4640 | -9/Materials | Learned 2 Storage zone layouts 4685 | -9/Materials | Learned location of Recycling (-8) 4789 | -9/Materials | Entered Mines 4984 | -9/Mines | Assisted by bots powering up and referring to "LRC-V3" 5397 | -9/Mines | Received a Rocket Launcher from a helpful Derelict 5422 | -9/Mines | Learned Materials stockpile data 5427 | -9/Mines | Discovered exit to Materials (range 9) 5502 | -9/Mines | Deemed a non-threat by the Exiles lab entrance 5502 | -9/Mines | Discovered new exit (range 5) 5513 | -9/Mines | Entered Exiles 5513 | -9/Exiles | Accompanied by 3 allies 5555 | -9/Exiles | Met 8R-AWN 5581 | -9/Exiles | Met EX-HEX 5660 | -9/Exiles | Met EX-DEC 5689 | -9/Exiles | Learned location of Zion (-7) 5716 | -9/Exiles | Met EX-BIN 5739 | -9/Exiles | Aligned with FarCom system 5740 | -9/Exiles | Given EX-Vault access code 5777 | -9/Exiles | Opened EX-Vault 5791 | -9/Exiles | Found Longsword +1 5824 | -9/Exiles | Warned to stay clear of 0b10 Research branches 5848 | -9/Exiles | Exiles lab attacked by MAIN.C 5925 | -9/Exiles | Discovered new exit (range 14) 6017 | -9/Exiles | Left Exiles lab with Longsword +1 6017 | -9/Exiles | Entered Mines 6017 | -8/Mines | Accompanied by 3 allies 6293 | -8/Mines | Found DCF Scrap (11 items) 6672 | -8/Mines | Discovered exit to Materials (range 12) 6731 | -8/Mines | Entered Materials 6731 | -8/Materials | Accompanied by 1 ally 6731 | -8/Materials | Evolved 2 slots: Propulsion x1, Weapon x1 6770 | -8/Materials | Discovered new exit (range 12) 7257 | -8/Materials | Discovered new exit (range 5) 7488 | -8/Materials | Build established: Scavenger-Skirmisher 7541 | -8/Materials | Discovered new exit (range 11) 7573 | -8/Materials | Identified exit to Garrison 7573 | -8/Materials | Entered Garrison 7769 | -8/Garrison | Triggered checkpoint 7781 | -8/Garrison | Rescued a captive Derelict 7785 | -8/Garrison | Rescued a captive Derelict 7818 | -8/Garrison | Garrison Relay disabled 7906 | -8/Garrison | Triggered checkpoint 8017 | -8/Garrison | Discovered new exit (range 10) 8131 | -8/Garrison | Triggered checkpoint 8217 | -8/Garrison | Triggered checkpoint 8336 | -8/Garrison | Discovered new exit (range 11) 8409 | -8/Garrison | Triggered checkpoint 8661 | -8/Garrison | Installed Relay Interface Framework 8722 | -8/Garrison | Discovered new exit (range 10) 8809 | -8/Garrison | Triggered checkpoint 8824 | -8/Garrison | Learned Materials security intel 8848 | -8/Garrison | Garrison Relay disabled 8938 | -8/Garrison | Identified exit to Materials 8939 | -8/Garrison | Entered Materials 9467 | -8/Materials | Discovered new exit (range 10) 9498 | -8/Materials | Identified exit to Storage 10513 | -8/Materials | Discovered new exit (range 5) 10519 | -8/Materials | Identified exit to Factory 11886 | -8/Materials | Discovered exit to Factory (range 11) 12003 | -8/Materials | Central database locked down 12150 | -8/Materials | Entered Storage 12151 | -8/Storage | Identified exit to Recycling 12789 | -8/Storage | Met a pair of Derelict thieves 12827 | -8/Storage | Discovered exit to Factory (range 16) 12952 | -8/Storage | Assisted by bots powering up and referring to "LRC-V3" 13005 | -8/Storage | Learned location of 2 exits from Factory 13070 | -8/Storage | Learned location of 1 exit from Lower Caves 13086 | -8/Storage | Learned location of 3 exits from Factory 13100 | -8/Storage | Learned 2 Lower Caves zone layouts 13115 | -8/Storage | Learned location of 2 exits from Factory 13120 | -8/Storage | Garrison activated, responded to threat 13180 | -8/Storage | Identified exit to Garrison 13211 | -8/Storage | Entered Garrison 13211 | -8/Garrison | Accompanied by 3 allies 13240 | -8/Garrison | Expanded RIF knowledge: Threat Obfuscation 13271 | -8/Garrison | Core integrity fell below 50% 13277 | -8/Garrison | Triggered checkpoint 13285 | -8/Garrison | Garrison Relay disabled 13442 | -8/Garrison | Triggered checkpoint 13444 | -8/Garrison | Triggered checkpoint 13484 | -8/Garrison | Destroyed 7 combat bots 13533 | -8/Garrison | Triggered checkpoint 13695 | -8/Garrison | Discovered exit to Factory (range 10) 13925 | -8/Garrison | Discovered exit to Factory (range 15) 14164 | -8/Garrison | Triggered checkpoint 14247 | -8/Garrison | Garrison Relay disabled 14318 | -8/Garrison | Entered Factory 14318 | -7/Factory | Evolved 2 slots: Utility x2 14319 | -7/Factory | Identified exit to Lower Caves 14319 | -7/Factory | Identified exit to Factory 14924 | -7/Factory | Repaired Rocket Launcher 15162 | -7/Factory | Central database locked down 15175 | -7/Factory | Identified exit to Garrison 15175 | -7/Factory | Entered Garrison 15207 | -7/Garrison | Garrison Relay disabled 15377 | -7/Garrison | Triggered checkpoint 15611 | -7/Garrison | Garrison Relay disabled 15632 | -7/Garrison | Discovered new exit (range 78) 15632 | -7/Garrison | Discovered new exit (range 88) 15632 | -7/Garrison | Discovered new exit (range 37) 15700 | -7/Garrison | Build established: Hacker-Tank 16276 | -7/Garrison | Destroyed 7 combat bots 16545 | -7/Garrison | Triggered checkpoint 16581 | -7/Garrison | Triggered checkpoint 16699 | -7/Garrison | Expanded RIF knowledge: Structural Interface 16753 | -7/Garrison | Build established: Scavenger-Tank 16756 | -7/Garrison | Garrison Relay disabled 16823 | -7/Garrison | Identified exit to Factory 16947 | -7/Garrison | Entered Factory 17022 | -7/Factory | Discovered exit to Lower Caves (range 16) 17060 | -7/Factory | Lost 5 parts (1p3u1w) 17292 | -7/Factory | Build established: Hacker-Tank 17519 | -7/Factory | Identified exit to Garrison 17519 | -7/Factory | Entered Garrison 17539 | -7/Garrison | Triggered checkpoint 17781 | -7/Garrison | System corruption reached 10% 17863 | -7/Garrison | Triggered checkpoint 17878 | -7/Garrison | Garrison Relay disabled 18059 | -7/Garrison | Triggered checkpoint 18097 | -7/Garrison | Destroyed 9 combat bots 18101 | -7/Garrison | Build established: Scavenger-Tank 18210 | -7/Garrison | Discovered exit to Factory (range 12) 18223 | -7/Garrison | Expanded RIF knowledge: Watcher Feeds 18247 | -7/Garrison | Triggered checkpoint 18518 | -7/Garrison | Entered Factory 18518 | -6/Factory | Evolved 2 slots: Utility x2 19360 | -6/Factory | Identified exit to Garrison 19360 | -6/Factory | Entered Garrison 19464 | -6/Garrison | Discovered new exit (range 64) 19464 | -6/Garrison | Discovered new exit (range 50) 19464 | -6/Garrison | Discovered new exit (range 99) 19464 | -6/Garrison | Discovered new exit (range 96) 19600 | -6/Garrison | Triggered checkpoint 19607 | -6/Garrison | Triggered checkpoint 19680 | -6/Garrison | Garrison Relay disabled 19769 | -6/Garrison | Triggered checkpoint 19918 | -6/Garrison | Expanded RIF knowledge: Hotswap 19941 | -6/Garrison | Garrison Relay disabled 20044 | -6/Garrison | Triggered checkpoint 20194 | -6/Garrison | Triggered checkpoint 20281 | -6/Garrison | Entered Factory 20281 | -6/Factory | Accompanied by 3 allies 20385 | -6/Factory | Fabricated Hcp. Storage Unit (x1) 20630 | -6/Factory | Identified exit to Lower Caves 20630 | -6/Factory | Identified exit to Extension 20756 | -6/Factory | Destroyed 8 combat bots 21017 | -6/Factory | Entered Lower Caves 21017 | -6/Lower Caves | Accompanied by 1 ally 21018 | -6/Lower Caves | Identified exit to Lower Caves 21206 | -6/Lower Caves | Attracted the attention of an 0b10 checkpoint 21608 | -6/Lower Caves | Entered another Lower Caves area 21608 | -6/Lower Caves | Accompanied by 1 ally 22093 | -6/Lower Caves | Discovered new exit (range 11) 22115 | -6/Lower Caves | Attracted the attention of an 0b10 checkpoint 22121 | -6/Lower Caves | Entered Data Miner 22121 | -6/Data Miner | Accompanied by 1 ally 22121 | -6/Data Miner | Discovered new exit (range 6) 22152 | -6/Data Miner | Met Data Miner 22182 | -6/Data Miner | Learned location of Section 7 (-2) 22182 | -6/Data Miner | Acquired the access code to Warlord's prototype stash 22205 | -6/Data Miner | Received God Mode back door access code from Data Miner 22266 | -6/Data Miner | Interfaced with the Data Conduit 22371 | -6/Data Miner | Found Exp. Thermal Shield 22439 | -6/Data Miner | Lost 3 parts (1n1u1w) 22586 | -6/Data Miner | Entered Proximity Caves 22767 | -5/Proximity Caves | Build established: Scavenger-Gunner 23085 | -5/Proximity Caves | Entered a huge 0b10 base via the front door 23121 | -5/Proximity Caves | Spotted B-75 Beast 23142 | -5/Proximity Caves | Core integrity fell below 50% 23173 | -5/Proximity Caves | Destroyed B-75 Beast 23220 | -5/Proximity Caves | Lost 10 parts (2p1n4u3w) 23330 | -5/Proximity Caves | Lost 3 parts (1p1u1w) 23371 | -5/Proximity Caves | Derelicts attacked a huge 0b10 base 23420 | -5/Proximity Caves | Discovered new exit (range 16) 23651 | -5/Proximity Caves | System corruption reached 10% 24055 | -5/Proximity Caves | Entered Factory 24055 | -5/Factory | Accompanied by 9 allies 24055 | -5/Factory | Evolved 2 slots: Power x1, Propulsion x1 24056 | -5/Factory | Loaded intel: 259 machine locations 24113 | -5/Factory | Identified exit to Garrison 24122 | -5/Factory | Entered Garrison 24122 | -5/Garrison | Accompanied by 9 allies 24123 | -5/Garrison | Loaded intel: 29 machine locations 24160 | -5/Garrison | Triggered checkpoint 24207 | -5/Garrison | Lost 5 allies 24209 | -5/Garrison | Garrison Relay disabled 24483 | -5/Garrison | Build established: Scavenger-Tank 24489 | -5/Garrison | Triggered checkpoint 24490 | -5/Garrison | Triggered checkpoint 24492 | -5/Garrison | Triggered checkpoint 24523 | -5/Garrison | Destroyed 7 combat bots 24591 | -5/Garrison | Discovered new exit (range 15) 24607 | -5/Garrison | Expanded RIF knowledge: Code Merge 24736 | -5/Garrison | Lost 4 allies 24783 | -5/Garrison | Garrison Relay disabled 24796 | -5/Garrison | Triggered checkpoint 24904 | -5/Garrison | Lost 3 allies 24957 | -5/Garrison | Entered Factory 24957 | -5/Factory | Accompanied by 7 allies 24958 | -5/Factory | Loaded intel: 281 machine locations 25085 | -5/Factory | Build established: Bothacker-Tank 25140 | -5/Factory | Lost 3 allies 25248 | -5/Factory | Identified exit to Garrison 25406 | -5/Factory | Entered Garrison 25406 | -5/Garrison | Accompanied by 4 allies 25407 | -5/Garrison | Loaded intel: 29 machine locations 25492 | -5/Garrison | Triggered checkpoint 25533 | -5/Garrison | Expanded RIF knowledge: Command Fork 25555 | -5/Garrison | Garrison Relay disabled 25577 | -5/Garrison | Found embedded Infiltrators 25670 | -5/Garrison | Triggered checkpoint 25739 | -5/Garrison | P-70 Sage assimilated allied BE-UZ4(x) 25831 | -5/Garrison | Build established: Botlord-Tank 25879 | -5/Garrison | Discovered new exit (range 10) 25921 | -5/Garrison | Spotted B-86 Titan 25924 | -5/Garrison | Spotted B-86 Titan 25930 | -5/Garrison | Assimilated Titan 6a with formatsys_high 25954 | -5/Garrison | P-70 Sage assimilated allied Sentinel 6d 26081 | -5/Garrison | Entered Factory 26081 | -4/Factory | Evolved 2 slots: Utility x2 26082 | -4/Factory | Loaded intel: 295 machine locations 26264 | -4/Factory | Found Exp. System Shield 26466 | -4/Factory | Build established: Bothacker-Mutant 26540 | -4/Factory | Identified exit to Garrison 26540 | -4/Factory | Entered Garrison 26541 | -4/Garrison | Loaded intel: 36 machine locations 26619 | -4/Garrison | Expanded RIF knowledge: Program Shield 26666 | -4/Garrison | Triggered checkpoint 26686 | -4/Garrison | Garrison Relay disabled 26964 | -4/Garrison | Triggered checkpoint 26964 | -4/Garrison | Spotted B-86 Titan 26989 | -4/Garrison | Hijacked Titan 7a control node with streamctrl_high 27014 | -4/Garrison | Destroyed Titan 7a 27144 | -4/Garrison | Discovered new exit (range 15) 27211 | -4/Garrison | Entered Factory 27212 | -4/Factory | Loaded intel: 253 machine locations 27290 | -4/Factory | Build established: Bothacker-Tank 27420 | -4/Factory | System corruption reached 10% 27456 | -4/Factory | Lost 10 parts (2p1n4u3w) 27598 | -4/Factory | Lost 6 parts (1n3u2w) 27776 | -4/Factory | Lost 3 parts (2n1w) 27883 | -4/Factory | System corruption reached 30% 27947 | -4/Factory | Lost 6 parts (1n2u3w) 27968 | -4/Factory | Build established: Scavenger-Skirmisher 28043 | -4/Factory | Discovered new exit (range 6) 28169 | -4/Factory | Intercept squad dispatched 28177 | -4/Factory | Lost 4 parts (1n2u1w) 28188 | -4/Factory | Spotted Tracker 28189 | -4/Factory | Spotted Tracker 28197 | -4/Factory | Spotted Combat Programmer 28204 | -4/Factory | Core integrity fell below 50% 28216 | -4/Factory | Identified exit to Garrison 28216 | -4/Factory | Entered Garrison 28217 | -4/Garrison | Loaded intel: 32 machine locations 28242 | -4/Garrison | Lost 12 parts (1p4n4u3w) 28290 | -4/Garrison | Spotted B-86 Titan 28327 | -4/Garrison | Core integrity fell below 20% 28334 | -4/Garrison | Triggered checkpoint 28352 | -4/Garrison | Triggered checkpoint 28363 | -4/Garrison | Expanded RIF knowledge: Zone Cloak 28364 | -4/Garrison | Destroyed by S-27 Virus with Autogun Last Messages --------------- 28275_ System corrupted: Component data lost. 28294_ CNLDH1U=>9BRQVL4YBUFOR 28309_ System corrupted: Matter fused (-8). 28326_ COH7F:0LIYH 28350_ Detecting nearby RIF Installer. 28351_ RIF reveals location of phase wall. 28355_ S-27 Virus destroyed. 28358_ System corrupted: Component data lost. 28358_ Acquired 21 matter. 28361_ RIF reveals location of phase wall. Initiating installation procedure... 28363_ Expanded RIF knowledge: Zone Cloak. Map ----- +----------------------------------------------------+ | | | | | | | | | | | | | | | | | | | ?????????????????????????????????????????????????? | | ?????????????????????????????????????????????????? | | ?????????????????????????????????????????????????? | | ?????????????????????????????????????????????????? | | ?????????????????????????????????????????????????? | | ?????????????????????????????????????????????????? | | ?????????????????????????????????????????????????? | | ?????????????????????????????????????????????????? | | ?????????????????????????????????????????????????? | | ?????????????????????????????????????????????????? | | ?????????????????????????????????????????????????? | | ??""""""?????????????????????????????????????????? | | ??"????"???????????????????????????????????????""" | | ??"???????????????????Y????????????????????????"?" | | ??"??????????????????#+#####????????????g"?????"?" | | ??"?? " ######### """"#?????????????"?????"?" | | """"??""" s @"#????????????g"???????? | | ????? " ####p####s""""#????????????g"???????? | | ????????????????# #??#+#####?????????????????????? | | ????????????????#%#??????????????????????????????? | | ??????????????###+##?????????????????????????????? | | ??????????????# pp #????????????????????Y????????? | | ??????????#####p ###???????????????????????????? | | ????????### p #???????????????????????????? | | ?????????"# #####+##p#???????????????????????????? | | ?????????" #???# #? #???????????????????????????? | | ?????????" #???# #??#???????????????????????????? | | ?????????" #???# #??????????????????????????????? | | ?????????"# #???# #??????????????????????????????? | | ??????????#+##### #??????????????????????????????? | | ??????????# #??????????????????????????????? | | ??????????# #######??????????????????????????????? | | ?# #######+######## ####????????????????????????? | | ?# #?????????????????????? | | ?# #?????????????????????? | | ?##########+### ########????????????????????????? | | ??????????# #?# #??????? ??????????????????????? | | ??????????# #?# #??????? #?????????????????????? | | ??????????# #?# #??????? #?????????????????????? | | ??????????# ### #??????? #?????????????????????? | | ??????????# + +??????? #?????????????????????? | +----------------------------------------------------+ Best States ------------- Heat Dissipation 124 Energy Generation 45 Energy Capacity 430 Matter Stores 300 Matter Capacity 300 Sight Range 16 Robot Scan Range 20 Terrain Scan Range 24 Terrain Scan Density 10 Jamming Range 12 Additional Mass Support 12 Armor Coverage 1200 Resistance: KI 30 Resistance: TH 30 Core Shielding 30 Weapon Cycling 15 Evasion (%) 67 Target Analysis 6 Core Analysis 6 Armor Integrity Analysis 40 Recoil Reduction 5 Particle Charging 25 Offensive Hacking 20 Defensive Hacking 16 Relay Coupler Types 4 Relay Coupler Value 160 Item Schematics ----------------- Hcp. Storage Unit | -10/Materials | Hacked Structural Scanner | -9/Materials | Hacked Combat Drone Bay | -6/Data Miner | Free Lgt. Regenerative Plating | -6/Data Miner | Free Enh. Flexi-carbon Leg | -6/Data Miner | Free Imp. Energy Well | -6/Data Miner | Free Mni. Smartbomb Launcher | -6/Data Miner | Free Myomer Leg | -6/Data Miner | Free Adv. Transmission Jammer | -6/Data Miner | Free Hvy. Gauss Cannon | -6/Data Miner | Free Imp. Plasma Cutter | -6/Data Miner | Free Adv. Focal Shield | -6/Data Miner | Free Adv. Heavy Treads | -6/Data Miner | Free Adv. Component Analysis Suite | -6/Data Miner | Free Robot Schematics ------------------ B-60 Warrior | -6/Data Miner | Free L-41 Fighter | -6/Data Miner | Free Fabricated ------------ Hcp. Storage Unit | x1 | -6/Factory Repaired ---------- Lgt. Treads | 17% | -10/Materials | Broken Rocket Launcher | 52% | -7/Factory Studied --------- Grenade Launcher | -9/Materials | Hacked Hammer | -9/Materials | Hacked Lgt. EM Pulse Cannon | -9/Materials | Hacked Hvy. Particle Cannon | -8/Materials | Hacked Ion Cannon | -8/Materials | Hacked Remote Datajack | -7/Factory | Hacked Rocket Launcher | -7/Factory | Hacked Alien Tech Used ----------------- None Achievements -------------- None Challenges ------------ None Game ------ Seed CentriumEtherialSuperbattery Manual? 0 Play Time 03:21:48 Cumulative 248.8 hours Start 2025.12.21 @ 11:55:16 End 2025.12.21 @ 15:27:31 Sessions 1 Manual Loads 0 Difficulty Rogue Special Mode None Game No. 165 Rogue 165 Adventurer 0 Explorer 0 Win Type - Total 8 Types 5/0/1/1/0/0/0/1/0/0 Lore% 87 Gallery% 78 Achievement% 62 Wizard Run 0 Options --------- Layout 1 ASCII 0 Keyboard 0 Movement Mouse Keybinds 0 Fullscreen 2 Font 24/Smallcaps Map View 50x35 Zoom Use 0% Tactical HUD 1 Map Filters NONE Filters NONE Steam 1 RUN: 70a1850b-bc07-4a7a-91f4-f14708ba5eb0